Checkers vs Condors

Created - Monday, December 14, 2015 at 03:12

Goals
1 2 3 T
Checkers 0 0 1 1
Condors 0 0 2 2
Shots
1 2 3 T
Checkers 8 3 16 27
Condors 2 7 14 23

1st period

No Goal

Penalties :
Michael Chaput (BAK) for Hooking (Minor) at 3:15, Bill Arnold (BAK) for Fighting (Major) at 8:19, Brandon Mashinter (CHA) for Fighting (Major) at 8:19, Benjamin Dieude-Fauvel (CHA) for Tripping (Minor) at 17:43

2nd period

No Goal

Penalties :
Blake Parlett (CHA) for Hooking (Minor) at 0:12

3rd period

1. Condors , Tyler Graovac 4 (Anthony Bitetto, Steven Kampfer) at 0:53 (PP)
2. Condors , Kris Newbury 3 (Ken Agostino, Rob Bordson) at 7:37 (PP)
3. Checkers , Sean Backman 3 (Adam Cracknell, Michael Latta) at 8:50

Penalties :
Julien Brouillette (CHA) for Hooking (Minor) at 0:18, Willie Coetzee (CHA) for Interference (Minor) at 6:31, Michael Latta (CHA) for Tripping (Minor) at 16:18, John Negrin (BAK) for Hooking (Minor) at 19:08

Goalie Stats

Drew MacIntyre (CHA), 21 saves from 23 shots - (0.913), L, 19-4-7, 59:01 minutes
Joe Cannata (BAK), 26 saves from 27 shots - (0.963), W, 3-0-0, 60:00 minutes

Players Stats for Checkers

Player Name              G  A  P  +/- PIM S  H  SB GA TA FO     MP     PP MP  PK MP  
------------------------------------------------------------------------------------
Adam Cracknell           0  1  1   1  0   1  4  0  6  1  0/0    14:49   1:42   0:00 
Andrew Gordon            0  0  0   0  0   0  2  0  0  0  0/1    13:59   1:08   0:00 
Benjamin Dieude-Fauvel   0  0  0   0  2   0  1  0  3  1  0/0    19:35   0:00   3:18 
Blake Parlett            0  0  0   1  2   0  1  2  0  1  0/0    19:29   1:01   0:00 
Brandon Mashinter        0  0  0   0  5   0  2  0  0  1  0/0    15:36   0:00   4:01 
Colin Campbell           0  0  0   0  0   0  2  0  1  1  0/0    10:02   0:00   0:00 
Jason Chimera            0  0  0   0  0   2  1  0  6  0  0/0    14:32   1:08   0:00 
Jim O'Brien              0  0  0   0  0   6  1  0  4  0  3/5    16:33   0:00   4:01 
Julien Brouillette       0  0  0   1  2   0  2  2  0  1  0/0    18:31   1:01   0:00 
Michael Bournival        0  0  0   0  0   5  1  0  5  0  5/11   14:22   1:08   0:00 
Michael Latta            0  1  1   1  2   2  1  0  3  0  6/15   14:48   1:42   0:00 
Michael Sdao             0  0  0   0  0   1  2  0  0  1  0/0    20:35   0:00   4:17 
Peter Harrold            0  0  0   0  0   4  0  4  0  2  0/0    20:51   1:49   3:21 
Petteri Lindbohm         0  0  0   0  0   1  2  2  0  2  0/0    22:07   1:49   4:20 
Sean Backman             1  0  1   1  0   1  0  0  1  0  1/1    14:49   1:42   0:00 
Tomas Vincour            0  0  0   0  0   2  1  0  1  0  1/1    12:15   0:00   0:00 
Wacey Hamilton           0  0  0   0  0   0  1  2  2  0  9/12   14:37   0:00   3:37 
Willie Coetzee           0  0  0   0  2   2  0  1  2  0  1/2    14:36   0:00   3:37 

Players Stats for Condors

Player Name              G  A  P  +/- PIM S  H  SB GA TA FO     MP     PP MP  PK MP  
------------------------------------------------------------------------------------
Anthony Bitetto          0  1  1   0  0   0  3  2  0  3  0/0    27:57   4:20   2:18 
Bill Arnold              0  0  0   0  5   0  1  0  0  0  1/1    13:17   0:33   2:07 
Daniel New               0  0  0   0  0   0  0  0  0  0  0/0     0:03   0:00   0:00 
John Negrin              0  0  0  -1  2   0  1  0  0  1  1/1    16:50   1:20   0:00 
Ken Agostino             0  1  1   0  0   4  0  1  3  1  2/3    16:10   3:01   0:10 
Kris Newbury             1  0  1  -1  0   3  5  2  2  2  3/8    21:20   3:03   0:43 
Matt Bailey              0  0  0   0  0   0  0  0  0  0  0/0     1:33   0:33   0:00 
Michael Chaput           0  0  0   0  2   2  2  1  2  1  0/1    16:28   0:08   0:00 
Michael Mersch           0  0  0   0  0   0  0  0  0  0  0/0     4:50   1:28   0:00 
Pat Cannone              0  0  0   0  0   1  0  0  1  1  3/7    20:26   3:32   1:57 
Reid Boucher             0  0  0  -1  0   3  1  0  2  1  0/1    16:59   0:00   0:00 
Rob Bordson              0  1  1  -1  0   0  2  0  0  0  2/2    20:33   3:01   0:00 
Ryan Parent              0  0  0   0  0   1  1  1  0  0  0/0    15:11   1:53   0:32 
Ryan Stanton             0  0  0   0  0   0  1  1  1  2  0/0     7:42   0:28   0:00 
Steven Kampfer           0  1  1   0  0   3  0  4  0  2  0/0    28:07   3:35   1:27 
Teemu Pulkkinen          0  0  0   0  0   3  1  1  5  0  0/1    21:59   4:04   0:00 
Tommy Cross              0  0  0  -1  0   0  1  0  0  1  0/0    24:28   3:40   1:23 
Tyler Graovac            1  0  1   0  0   3  1  0  1  1  10/23  23:04   3:31   0:43 

3 Stars

1 - Joe Cannata (BAK)
2 - Kris Newbury (BAK)
3 - Adam Cracknell (CHA)

Power Play

Checkers - 0 on 2 Attempt(s) - 0.00%
Condors - 2 on 5 Attempt(s) - 40.00%

Penalty Kill

Checkers - 3 on 5 Attempt(s) - 60.00% - Score 0 goal in Penalty Kill
Condors - 2 on 2 Attempt(s) - 100.00% - Score 0 goal in Penalty Kill

Team Stat

Checkers - Hits : 24 - Faceoff Wins : 26 - Blocked Shots : 13 - Penalty Minutes : 15
Condors - Hits : 20 - Faceoff Wins : 22 - Blocked Shots : 13 - Penalty Minutes : 9

Official

Referees : Unknown
Linesman : Unknown

Game Notes

Bill Arnold and Brandon Mashinter fight to a draw at 8:19 of 1st period
Ryan Parent is injured at 1:43 of 3rd period (Strained Right Elbow)
Ryan Stanton is injured at 2:44 of 3rd period (Sprained Left Ankle)
4:11 of 3rd period - Checkers goal is going for a video replay. After video review, No Goal. The referee deems the play has been stopped, even if he had not physically had the opportunity to stop play by blowing his whistle.

Finance

Level 1 -- Attendance: 1500 (75.00%) -- Ticket Income $60,000
Level 2 -- Attendance: 683 (68.30%) -- Ticket Income $13,660
Total Attendance: 2183 (72.77%)
Total Ticket Income: $73,660
Other Income: $36,093
Total Income: $109,753

Checkers

5 vs 5 Forward 
   Center                   Left Wing                Right Wing               Time % Phy DF OF 
 1 Michael Bournival        Jason Chimera            Andrew Gordon            28     0   2  3  
 2 Michael Latta            Adam Cracknell           Sean Backman             27     0   2  3  
 3 Jim O'Brien              Brandon Mashinter        Tomas Vincour            25     1   2  2  
 4 Wacey Hamilton           Colin Campbell           Willie Coetzee           20     1   2  2  

5 vs 5 Defense 
   Defense                  Defense                                           Time % Phy DF OF 
 1 Peter Harrold            Petteri Lindbohm                                  35     1   2  2  
 2 Blake Parlett            Julien Brouillette                                35     1   2  2  
 3 Benjamin Dieude-Fauvel   Michael Sdao                                      30     1   3  1  
 4 Peter Harrold            Petteri Lindbohm                                  0      0   2  3  

PowerPlay Forward 
   Center                   Left Wing                Right Wing               Time % Phy DF OF 
 1 Michael Bournival        Jason Chimera            Andrew Gordon            50     0   1  4  
 2 Michael Latta            Adam Cracknell           Sean Backman             50     0   1  4  

PowerPlay Defense
   Defense                  Defense                                           Time % Phy DF OF 
 1 Peter Harrold            Petteri Lindbohm                                  50     0   1  4  
 2 Blake Parlett            Julien Brouillette                                50     0   1  4  

Penalty Kill 4 Players Forward 
   Center                   Wing                     Time % Phy DF OF 
 1 Wacey Hamilton           Willie Coetzee           50     0   4  1  
 2 Jim O'Brien              Brandon Mashinter        50     0   4  1  

Penalty Kill 4 Players Defense
   Defense                  Defense                  Time % Phy DF OF 
 1 Benjamin Dieude-Fauvel   Michael Sdao             50     1   3  1  
 2 Peter Harrold            Petteri Lindbohm         50     1   3  1  

Penalty Kill - 3 Players Forward 
   Forward                                           Time % Phy DF OF 
 1 Wacey Hamilton                                    50     0   5  0  
 2 Jim O'Brien                                       50     0   5  0  

Penalty Kill - 3 Players Defense
   Defense                  Defense                  Time % Phy DF OF 
 1 Benjamin Dieude-Fauvel   Michael Sdao             50     0   5  0  
 2 Peter Harrold            Petteri Lindbohm         50     0   5  0  

4 vs 4 Forward 
   Center                   Wing                     Time % Phy DF OF 
 1 Michael Bournival        Jason Chimera            50     1   2  2  
 2 Michael Latta            Adam Cracknell           50     1   2  2  

4 vs 4 Defense
   Defense                  Defense                  Time % Phy DF OF 
 1 Peter Harrold            Petteri Lindbohm         50     1   2  2  
 2 Blake Parlett            Julien Brouillette       50     1   2  2  

Last Minutes Offensive
   Center                   Left Wing                Right Wing               Defense                  Defense                  
   Michael Bournival        Jason Chimera            Adam Cracknell           Peter Harrold            Petteri Lindbohm         

Last Minutes Defensive
   Center                   Left Wing                Right Wing               Defense                  Defense                  
   Michael Bournival        Jason Chimera            Adam Cracknell           Peter Harrold            Petteri Lindbohm         

Goaltenders
Starting : Drew MacIntyre           
Backup : John Muse                

Extra Forwards
Normal : Jason Chimera, Michael Bournival, Michael Latta - PP : Jason Chimera, Michael Bournival - PK : Jason Chimera
Extra Defensemen
Normal : Peter Harrold, Petteri Lindbohm, Julien Brouillette - PP : Peter Harrold - PK : Peter Harrold, Petteri Lindbohm
Penalty Shots
Jim O'Brien, Sean Backman, Andrew Gordon, Willie Coetzee, Tomas Vincour

Condors

5 vs 5 Forward 
   Center                   Left Wing                Right Wing               Time % Phy DF OF 
 1 Tyler Graovac            Teemu Pulkkinen          Michael Chaput           35     1   2  2  
 2 Kris Newbury             Rob Bordson              Reid Boucher             30     1   2  2  
 3 Pat Cannone              Ken Agostino             Tyler Graovac            22     1   2  2  
 4 Bill Arnold              Teemu Pulkkinen          Pat Cannone              13     1   2  2  

5 vs 5 Defense 
   Defense                  Defense                                           Time % Phy DF OF 
 1 Steven Kampfer           Anthony Bitetto                                   35     1   2  2  
 2 Tommy Cross              Ryan Parent                                       30     1   2  2  
 3 Steven Kampfer           John Negrin                                       22     1   2  2  
 4 Ryan Stanton             Steven Kampfer                                    13     1   2  2  

PowerPlay Forward 
   Center                   Left Wing                Right Wing               Time % Phy DF OF 
 1 Tyler Graovac            Pat Cannone              Teemu Pulkkinen          60     1   2  2  
 2 Kris Newbury             Rob Bordson              Ken Agostino             40     1   2  2  

PowerPlay Defense
   Defense                  Defense                                           Time % Phy DF OF 
 1 Steven Kampfer           Anthony Bitetto                                   60     1   2  2  
 2 Tommy Cross              Ryan Parent                                       40     1   2  2  

Penalty Kill 4 Players Forward 
   Center                   Wing                     Time % Phy DF OF 
 1 Pat Cannone              Bill Arnold              60     1   2  2  
 2 Tyler Graovac            Kris Newbury             40     1   2  2  

Penalty Kill 4 Players Defense
   Defense                  Defense                  Time % Phy DF OF 
 1 Steven Kampfer           Anthony Bitetto          60     1   2  2  
 2 Tommy Cross              Ryan Parent              40     1   2  2  

Penalty Kill - 3 Players Forward 
   Forward                                           Time % Phy DF OF 
 1 Tyler Graovac                                     60     1   2  2  
 2 Kris Newbury                                      40     1   2  2  

Penalty Kill - 3 Players Defense
   Defense                  Defense                  Time % Phy DF OF 
 1 Steven Kampfer           Anthony Bitetto          60     1   2  2  
 2 Tommy Cross              Ryan Parent              40     1   2  2  

4 vs 4 Forward 
   Center                   Wing                     Time % Phy DF OF 
 1 Michael Chaput           Pat Cannone              60     1   2  2  
 2 Tyler Graovac            Kris Newbury             40     1   2  2  

4 vs 4 Defense
   Defense                  Defense                  Time % Phy DF OF 
 1 Steven Kampfer           Anthony Bitetto          60     1   2  2  
 2 Tommy Cross              Ryan Parent              40     1   2  2  

Last Minutes Offensive
   Center                   Left Wing                Right Wing               Defense                  Defense                  
   Tyler Graovac            Teemu Pulkkinen          Michael Chaput           Steven Kampfer           Anthony Bitetto          

Last Minutes Defensive
   Center                   Left Wing                Right Wing               Defense                  Defense                  
   Tyler Graovac            Teemu Pulkkinen          Michael Chaput           Steven Kampfer           Anthony Bitetto          

Goaltenders
Starting : Joe Cannata              
Backup : Ray Emery                

Extra Forwards
Normal : Pat Cannone, Bill Arnold, Ken Agostino - PP : Pat Cannone, Bill Arnold - PK : Ken Agostino
Extra Defensemen
Normal : Anthony Bitetto, John Negrin, Steven Kampfer - PP : Steven Kampfer - PK : John Negrin, Steven Kampfer
Penalty Shots
Teemu Pulkkinen, Michael Chaput, Tyler Graovac, Kris Newbury, Pat Cannone

% Time on Ice - Checkers

Lines # - Real PCT - Wanted PCT - Time Play
Normal Forward
1 - 28% - 28% - 13:50
2 - 27% - 27% - 13:25
3 - 25% - 25% - 12:15
4 - 20% - 20% - 10:02
Normal Defense
1 - 35% - 35% - 17:19
2 - 35% - 35% - 17:32
3 - 30% - 30% - 14:41
4 - 0% - 0% - 0:00
PP Forward
1 - 40% - 50% - 1:08
2 - 60% - 50% - 1:42
PP Defense
1 - 64% - 50% - 1:49
2 - 36% - 50% - 1:01
PK Forward
1 - 47% - 50% - 3:37
2 - 53% - 50% - 4:01
PK Defense
1 - 56% - 50% - 4:17
2 - 44% - 50% - 3:21
PK3 Forward
1 - 0% - 50%
2 - 0% - 50%
PK3 Defense
1 - 0% - 50%
2 - 0% - 50%
44 Forward
1 - 0% - 50%
2 - 0% - 50%
44 Defense
1 - 0% - 50%
2 - 0% - 50%
Last Minute Offensive  - 0:00
Last Minute Defensive  - 0:00
Total
Forward - 60:00
Defense - 60:00

% Time on Ice - Condors

Lines # - Real PCT - Wanted PCT - Time Play
Normal Forward
1 - 31% - 35% - 15:34
2 - 36% - 30% - 17:42
3 - 19% - 22% - 9:11
4 - 14% - 13% - 7:05
Normal Defense
1 - 23% - 35% - 11:25
2 - 39% - 30% - 19:26
3 - 19% - 22% - 9:14
4 - 19% - 13% - 9:27
PP Forward
1 - 60% - 60% - 4:37
2 - 40% - 40% - 3:01
PP Defense
1 - 44% - 60% - 3:22
2 - 56% - 40% - 4:16
PK Forward
1 - 75% - 60% - 2:07
2 - 25% - 40% - 0:43
PK Defense
1 - 51% - 60% - 1:27
2 - 49% - 40% - 1:23
PK3 Forward
1 - 0% - 60%
2 - 0% - 40%
PK3 Defense
1 - 0% - 60%
2 - 0% - 40%
44 Forward
1 - 0% - 60%
2 - 0% - 40%
44 Defense
1 - 0% - 60%
2 - 0% - 40%
Last Minute Offensive  - 0:00
Last Minute Defensive  - 0:00
Total
Forward - 60:00
Defense - 60:00

Play by Play

1st period


0:01 of 1st period - Michael Bournival wins face-off versus Tyler Graovac in neutral zone.
1:48 of 1st period - Slapshot by Jim O'Brien.
1:48 of 1st period - Stopped by Joe Cannata without a rebound.
1:49 of 1st period - Tyler Graovac wins face-off versus Wacey Hamilton in Condors zone.
2:00 of 1st period - Snap shot by Willie Coetzee.
2:00 of 1st period - Stopped by Joe Cannata without a rebound.
2:01 of 1st period - Pat Cannone wins face-off versus Willie Coetzee in Condors zone.
3:04 of 1st period - Wrist shot by Jim O'Brien.
3:04 of 1st period - Shot Misses the Net.
3:06 of 1st period - Slapshot by Tomas Vincour.
3:06 of 1st period - Stopped by Joe Cannata without a rebound.
3:07 of 1st period - Michael Bournival wins face-off versus Tyler Graovac in Condors zone.
3:15 of 1st period - Minor Penalty to Michael Chaput for Hooking.
3:16 of 1st period - Michael Bournival wins face-off versus Pat Cannone in Condors zone.
4:12 of 1st period - Kris Newbury is hit by Adam Cracknell and loses puck.
4:23 of 1st period - Wrist shot by Adam Cracknell.
4:23 of 1st period - Shot Blocked by Steven Kampfer.
5:15 of 1st period - Penalty to Michael Chaput is over, Michael Chaput is back on ice.
5:20 of 1st period - Blake Parlett is hit by Michael Chaput and loses puck.
5:25 of 1st period - Slapshot by Michael Chaput.
5:25 of 1st period - Shot Blocked by Julien Brouillette.
5:35 of 1st period - Kris Newbury is hit by Julien Brouillette and loses puck.
6:14 of 1st period - Snap shot by Jim O'Brien.
6:14 of 1st period - Stopped by Joe Cannata without a rebound.
6:15 of 1st period - Wacey Hamilton wins face-off versus Tyler Graovac in Condors zone.
7:11 of 1st period - Snap shot by Michael Bournival.
7:11 of 1st period - Stopped by Joe Cannata with a rebound.
7:13 of 1st period - Wrist shot by Michael Bournival.
7:13 of 1st period - Stopped by Joe Cannata without a rebound.
7:14 of 1st period - Michael Bournival wins face-off versus Kris Newbury in Condors zone.
8:09 of 1st period - Michael Chaput is hit by Brandon Mashinter and loses puck.
8:19 of 1st period - Bill Arnold and Brandon Mashinter fight to a draw.
8:19 of 1st period - Penalty to Bill Arnold for Fighting.
8:19 of 1st period - Penalty to Brandon Mashinter for Fighting.
8:20 of 1st period - Ken Agostino wins face-off versus Michael Latta in Checkers zone.
8:25 of 1st period - Wrist shot by Ken Agostino.
8:25 of 1st period - Stopped by Drew MacIntyre without a rebound.
8:26 of 1st period - Michael Latta wins face-off versus Ken Agostino in Checkers zone.
8:39 of 1st period - Snap shot by Teemu Pulkkinen.
8:39 of 1st period - Deflect By Michael Latta.
8:39 of 1st period - Stopped by Drew MacIntyre without a rebound.
8:40 of 1st period - Ken Agostino wins face-off versus Michael Latta in Checkers zone.
9:28 of 1st period - Jason Chimera is hit by Reid Boucher.
9:42 of 1st period - Steven Kampfer is hit by Julien Brouillette and loses puck.
9:53 of 1st period - Snap shot by Michael Bournival.
9:53 of 1st period - Shot Misses the Net.
11:07 of 1st period - Snap shot by Jim O'Brien.
11:07 of 1st period - Stopped by Joe Cannata with a rebound.
11:24 of 1st period - Adam Cracknell is hit by Teemu Pulkkinen and loses puck.
11:33 of 1st period - Snap shot by Adam Cracknell.
11:33 of 1st period - Shot Misses the Net.
11:59 of 1st period - Ken Agostino is hit by Petteri Lindbohm and loses puck.
12:46 of 1st period - Wrist shot by Jason Chimera.
12:46 of 1st period - Stopped by Joe Cannata with a rebound.
13:35 of 1st period - Jim O'Brien is hit by Bill Arnold and loses puck.
14:24 of 1st period - Michael Chaput is hit by Adam Cracknell and loses puck.
14:47 of 1st period - Snap shot by Bill Arnold.
14:47 of 1st period - Deflect By Michael Bournival.
14:47 of 1st period - Shot Misses the Net.
14:47 of 1st period - Puck is out of play.
14:48 of 1st period - Rob Bordson wins face-off versus Michael Bournival in Checkers zone.
15:22 of 1st period - Ryan Stanton is hit by Tomas Vincour and loses puck.
15:29 of 1st period - Kris Newbury is hit by Brandon Mashinter and loses puck.
15:52 of 1st period - Slapshot by Willie Coetzee.
15:52 of 1st period - Shot Hit the Post.
16:19 of 1st period - Snap shot by Adam Cracknell.
16:19 of 1st period - Shot Blocked by Steven Kampfer.
17:00 of 1st period - Julien Brouillette is hit by Anthony Bitetto and loses puck.
17:43 of 1st period - Minor Penalty to Benjamin Dieude-Fauvel for Tripping.
17:44 of 1st period - Kris Newbury wins face-off versus Jim O'Brien in Checkers zone.
18:12 of 1st period - Willie Coetzee is hit by Kris Newbury and loses puck.
18:35 of 1st period - Bill Arnold is hit by Petteri Lindbohm and loses puck.
19:43 of 1st period - Penalty to Benjamin Dieude-Fauvel is over, Benjamin Dieude-Fauvel is back on ice.
Goals for this period are 0 for Checkers vs 0 for Condors.
Shots for this period are 8 for Checkers vs 2 for Condors.

2nd period


0:01 of 2nd period - Tyler Graovac wins face-off versus Michael Bournival in neutral zone.
0:08 of 2nd period - Snap shot by Teemu Pulkkinen.
0:08 of 2nd period - Stopped by Drew MacIntyre without a rebound.
0:09 of 2nd period - Tyler Graovac wins face-off versus Michael Bournival in Checkers zone.
0:10 of 2nd period - Snap shot by Teemu Pulkkinen.
0:10 of 2nd period - Shot Blocked by Julien Brouillette.
0:12 of 2nd period - Minor Penalty to Blake Parlett for Hooking.
0:13 of 2nd period - Tyler Graovac wins face-off versus Wacey Hamilton in Checkers zone.
0:24 of 2nd period - Snap shot by Tyler Graovac.
0:24 of 2nd period - Deflect By Teemu Pulkkinen.
0:24 of 2nd period - Shot Blocked by Wacey Hamilton.
0:24 of 2nd period - Puck is out of play.
0:25 of 2nd period - Wacey Hamilton wins face-off versus Tyler Graovac in Checkers zone.
1:15 of 2nd period - Benjamin Dieude-Fauvel is hit by Kris Newbury and loses puck.
1:28 of 2nd period - Rob Bordson is hit by Jim O'Brien and loses puck.
2:12 of 2nd period - Penalty to Blake Parlett is over, Blake Parlett is back on ice.
3:00 of 2nd period - Snap shot by Reid Boucher.
3:00 of 2nd period - Stopped by Drew MacIntyre with a rebound.
3:02 of 2nd period - Slapshot by Ryan Parent.
3:02 of 2nd period - Deflect By Willie Coetzee.
3:02 of 2nd period - Stopped by Drew MacIntyre with a rebound.
3:47 of 2nd period - Wrist shot by Michael Latta.
3:47 of 2nd period - Shot Blocked by Teemu Pulkkinen.
4:09 of 2nd period - Snap shot by Michael Chaput.
4:09 of 2nd period - Shot Blocked by Petteri Lindbohm.
4:11 of 2nd period - Snap shot by Tyler Graovac.
4:11 of 2nd period - Shot Blocked by Peter Harrold.
4:13 of 2nd period - Wrist shot by Michael Chaput.
4:13 of 2nd period - Deflect By Tyler Graovac.
4:13 of 2nd period - Shot Misses the Net.
4:13 of 2nd period - Puck is out of play.
4:14 of 2nd period - Tyler Graovac wins face-off versus Michael Bournival in Checkers zone.
4:29 of 2nd period - Snap shot by Michael Bournival.
4:29 of 2nd period - Shot Misses the Net.
5:51 of 2nd period - Ken Agostino is hit by Blake Parlett.
6:33 of 2nd period - Pat Cannone is hit by Jason Chimera and loses puck.
6:48 of 2nd period - Wacey Hamilton is hit by Rob Bordson and loses puck.
7:20 of 2nd period - Wrist shot by Teemu Pulkkinen.
7:20 of 2nd period - Stopped by Drew MacIntyre with a rebound.
7:22 of 2nd period - Slapshot by Ryan Stanton.
7:22 of 2nd period - Deflect By Teemu Pulkkinen.
7:22 of 2nd period - Shot Blocked by Wacey Hamilton.
7:22 of 2nd period - Puck is out of play.
7:23 of 2nd period - Michael Latta wins face-off versus Tyler Graovac in Checkers zone.
7:30 of 2nd period - Slapshot by Adam Cracknell.
7:30 of 2nd period - Shot Misses the Net.
8:51 of 2nd period - Off-side.
8:52 of 2nd period - John Negrin wins face-off versus Michael Latta in neutral zone.
8:55 of 2nd period - Adam Cracknell is hit by Michael Chaput and loses puck.
9:52 of 2nd period - Snap shot by Willie Coetzee.
9:52 of 2nd period - Stopped by Joe Cannata without a rebound.
9:53 of 2nd period - Rob Bordson wins face-off versus Wacey Hamilton in Condors zone.
10:00 of 2nd period - Snap shot by Kris Newbury.
10:00 of 2nd period - Stopped by Drew MacIntyre with a rebound.
10:28 of 2nd period - Wacey Hamilton is hit by Ryan Stanton and loses puck.
10:48 of 2nd period - Snap shot by Brandon Mashinter.
10:48 of 2nd period - Shot Misses the Net.
10:56 of 2nd period - Tomas Vincour is hit by Rob Bordson and loses puck.
11:15 of 2nd period - John Negrin is hit by Michael Sdao and loses puck.
11:44 of 2nd period - Bill Arnold is hit by Adam Cracknell and loses puck.
12:21 of 2nd period - Wrist shot by Michael Bournival.
12:21 of 2nd period - Shot Blocked by Ken Agostino.
13:47 of 2nd period - Icing by Adam Cracknell.
13:48 of 2nd period - Sean Backman wins face-off versus Michael Chaput in Checkers zone.
14:28 of 2nd period - Wrist shot by Michael Bournival.
14:28 of 2nd period - Shot Misses the Net.
14:30 of 2nd period - Slapshot by Peter Harrold.
14:30 of 2nd period - Stopped by Joe Cannata with a rebound.
14:32 of 2nd period - Slapshot by Petteri Lindbohm.
14:32 of 2nd period - Deflect By Jason Chimera.
14:32 of 2nd period - Shot Misses the Net.
14:32 of 2nd period - Puck is out of play.
14:33 of 2nd period - Wacey Hamilton wins face-off versus Pat Cannone in Condors zone.
14:53 of 2nd period - Ryan Stanton is hit by Wacey Hamilton and loses puck.
16:20 of 2nd period - Snap shot by Michael Bournival.
16:20 of 2nd period - Shot Misses the Net.
16:22 of 2nd period - Slapshot by Jason Chimera.
16:22 of 2nd period - Stopped by Joe Cannata without a rebound.
16:23 of 2nd period - Tyler Graovac wins face-off versus Michael Latta in Condors zone.
16:38 of 2nd period - Wrist shot by Reid Boucher.
16:38 of 2nd period - Stopped by Drew MacIntyre without a rebound.
16:39 of 2nd period - Michael Latta wins face-off versus Pat Cannone in Checkers zone.
17:06 of 2nd period - Michael Chaput is hit by Adam Cracknell and loses puck.
17:13 of 2nd period - Michael Latta is hit by Anthony Bitetto and loses puck.
17:32 of 2nd period - Jason Chimera is hit by Kris Newbury and loses puck.
17:47 of 2nd period - Backhand shot by Ken Agostino.
17:47 of 2nd period - Stopped by Drew MacIntyre with a rebound.
18:18 of 2nd period - Benjamin Dieude-Fauvel is hit by Ryan Parent and loses puck.
19:51 of 2nd period - Reid Boucher is hit by Colin Campbell and loses puck.
Goals for this period are 0 for Checkers vs 0 for Condors.
Shots for this period are 3 for Checkers vs 7 for Condors.

3rd period


0:01 of 3rd period - Tyler Graovac wins face-off versus Michael Latta in neutral zone.
0:13 of 3rd period - Wrist shot by Michael Chaput.
0:13 of 3rd period - Shot Misses the Net.
0:18 of 3rd period - Minor Penalty to Julien Brouillette for Hooking.
0:19 of 3rd period - Willie Coetzee wins face-off versus Tyler Graovac in Checkers zone.
0:29 of 3rd period - Slapshot by Tyler Graovac.
0:29 of 3rd period - Shot Misses the Net.
0:31 of 3rd period - Snap shot by Anthony Bitetto.
0:31 of 3rd period - Shot Blocked by Peter Harrold.
0:33 of 3rd period - Snap shot by Steven Kampfer.
0:33 of 3rd period - Stopped by Drew MacIntyre with a rebound.
0:35 of 3rd period - Slapshot by Steven Kampfer.
0:35 of 3rd period - Shot Blocked by Petteri Lindbohm.
0:37 of 3rd period - Wrist shot by Anthony Bitetto.
0:37 of 3rd period - Shot Misses the Net.
0:39 of 3rd period - Wrist shot by Anthony Bitetto.
0:39 of 3rd period - Shot Misses the Net.
0:41 of 3rd period - Backhand shot by Steven Kampfer.
0:41 of 3rd period - Stopped by Drew MacIntyre with a rebound.
0:43 of 3rd period - Snap shot by Steven Kampfer.
0:43 of 3rd period - Stopped by Drew MacIntyre with a rebound.
0:45 of 3rd period - Snap shot by Anthony Bitetto.
0:45 of 3rd period - Shot Misses the Net.
0:47 of 3rd period - Slapshot by Tyler Graovac.
0:47 of 3rd period - Shot Misses the Net.
0:49 of 3rd period - Slapshot by Anthony Bitetto.
0:49 of 3rd period - Shot Misses the Net.
0:51 of 3rd period - Wrist shot by Tyler Graovac.
0:51 of 3rd period - Stopped by Drew MacIntyre with a rebound.
0:53 of 3rd period - Snap shot by Tyler Graovac.
0:53 of 3rd period - Goal by Tyler Graovac - Checkers : 0 - Condors : 1.
0:54 of 3rd period - Kris Newbury wins face-off versus Michael Latta in neutral zone.
1:24 of 3rd period - Snap shot by Adam Cracknell.
1:24 of 3rd period - Stopped by Joe Cannata with a rebound.
1:26 of 3rd period - Snap shot by Michael Latta.
1:26 of 3rd period - Stopped by Joe Cannata with a rebound.
1:28 of 3rd period - Slapshot by Julien Brouillette.
1:28 of 3rd period - Shot Misses the Net.
1:30 of 3rd period - Snap shot by Michael Latta.
1:30 of 3rd period - Deflect By Adam Cracknell.
1:30 of 3rd period - Shot Misses the Net.
1:30 of 3rd period - Puck is out of play.
1:31 of 3rd period - Tyler Graovac wins face-off versus Andrew Gordon in Condors zone.
1:41 of 3rd period - Slapshot by Michael Sdao.
1:41 of 3rd period - Stopped by Joe Cannata with a rebound.
1:43 of 3rd period - Wrist shot by Michael Bournival.
1:43 of 3rd period - Shot Blocked by Ryan Parent.
1:43 of 3rd period - Ryan Parent from Condors is injured at 1:43 of 3rd period (Strained Right Elbow).
1:44 of 3rd period - Jim O'Brien wins face-off versus Tyler Graovac in Condors zone.
2:08 of 3rd period - Off-side.
2:09 of 3rd period - Kris Newbury wins face-off versus Michael Bournival in neutral zone.
2:14 of 3rd period - Wrist shot by Reid Boucher.
2:14 of 3rd period - Shot Misses the Net.
2:20 of 3rd period - Tommy Cross is hit by Andrew Gordon and loses puck.
2:31 of 3rd period - Snap shot by Michael Bournival.
2:31 of 3rd period - Stopped by Joe Cannata without a rebound.
2:32 of 3rd period - Michael Latta wins face-off versus Tyler Graovac in Condors zone.
2:42 of 3rd period - Snap shot by Michael Latta.
2:42 of 3rd period - Shot Misses the Net.
2:44 of 3rd period - Slapshot by Julien Brouillette.
2:44 of 3rd period - Shot Blocked by Ryan Stanton.
2:44 of 3rd period - Ryan Stanton from Condors is injured at 2:44 of 3rd period (Sprained Left Ankle).
2:45 of 3rd period - Tyler Graovac wins face-off versus Michael Bournival in Condors zone.
3:40 of 3rd period - Jim O'Brien is hit by Kris Newbury and loses puck.
3:51 of 3rd period - Wrist shot by Reid Boucher.
3:51 of 3rd period - Deflect By Kris Newbury.
3:51 of 3rd period - Shot Blocked by Blake Parlett.
3:51 of 3rd period - Puck is out of play.
3:52 of 3rd period - Michael Latta wins face-off versus Kris Newbury in Checkers zone.
3:59 of 3rd period - Slapshot by Adam Cracknell.
3:59 of 3rd period - Shot Blocked by Kris Newbury.
4:09 of 3rd period - Slapshot by Michael Latta.
4:09 of 3rd period - Shot Misses the Net.
4:11 of 3rd period - Slapshot by Peter Harrold.
4:11 of 3rd period - Checkers goal is going for a video replay.
4:11 of 3rd period - The goal is refused. The referee deems the play has been stopped, even if he had not physically had the opportunity to stop play by blowing his whistle..
4:12 of 3rd period - Michael Latta wins face-off versus Pat Cannone in Condors zone.
5:06 of 3rd period - Wrist shot by Reid Boucher.
5:06 of 3rd period - Stopped by Drew MacIntyre without a rebound.
5:07 of 3rd period - Wacey Hamilton wins face-off versus Kris Newbury in Checkers zone.
5:07 of 3rd period - Wacey Hamilton is hit by Kris Newbury.
5:53 of 3rd period - Willie Coetzee is hit by John Negrin and loses puck.
6:27 of 3rd period - Snap shot by Michael Chaput.
6:27 of 3rd period - Stopped by Drew MacIntyre with a rebound.
6:29 of 3rd period - Slapshot by Michael Chaput.
6:29 of 3rd period - Shot Blocked by Willie Coetzee.
6:31 of 3rd period - Minor Penalty to Willie Coetzee for Interference.
6:32 of 3rd period - Jim O'Brien wins face-off versus Kris Newbury in Checkers zone.
6:57 of 3rd period - Snap shot by Rob Bordson.
6:57 of 3rd period - Shot Hit the Post.
7:37 of 3rd period - Wrist shot by Kris Newbury.
7:37 of 3rd period - Goal by Kris Newbury - Checkers : 0 - Condors : 2.
7:38 of 3rd period - Michael Bournival wins face-off versus Tyler Graovac in neutral zone.
7:45 of 3rd period - Teemu Pulkkinen is hit by Andrew Gordon and loses puck.
8:24 of 3rd period - Snap shot by Reid Boucher.
8:24 of 3rd period - Shot Misses the Net.
8:48 of 3rd period - Snap shot by Adam Cracknell.
8:48 of 3rd period - Shot Misses the Net.
8:50 of 3rd period - Snap shot by Adam Cracknell.
8:50 of 3rd period - Deflect By Sean Backman.
8:50 of 3rd period - Goal by Sean Backman - Checkers : 1 - Condors : 2.
8:51 of 3rd period - Pat Cannone wins face-off versus Jim O'Brien in neutral zone.
9:15 of 3rd period - Snap shot by Ken Agostino.
9:15 of 3rd period - Stopped by Drew MacIntyre with a rebound.
9:17 of 3rd period - Slapshot by Tyler Graovac.
9:17 of 3rd period - Shot Blocked by Peter Harrold.
9:19 of 3rd period - Slapshot by Tyler Graovac.
9:19 of 3rd period - Shot Blocked by Peter Harrold.
9:21 of 3rd period - Snap shot by Pat Cannone.
9:21 of 3rd period - Stopped by Drew MacIntyre with a rebound.
9:31 of 3rd period - Tomas Vincour is hit by Tyler Graovac.
9:47 of 3rd period - Snap shot by Michael Bournival.
9:47 of 3rd period - Shot Misses the Net.
10:28 of 3rd period - Rob Bordson is hit by Michael Latta and loses puck.
10:52 of 3rd period - Slapshot by Michael Latta.
10:52 of 3rd period - Stopped by Joe Cannata with a rebound.
11:21 of 3rd period - Steven Kampfer is hit by Colin Campbell and loses puck.
11:52 of 3rd period - Snap shot by Jim O'Brien.
11:52 of 3rd period - Stopped by Joe Cannata with a rebound.
11:54 of 3rd period - Slapshot by Petteri Lindbohm.
11:54 of 3rd period - Stopped by Joe Cannata without a rebound.
11:55 of 3rd period - Jim O'Brien wins face-off versus Reid Boucher in Condors zone.
11:56 of 3rd period - Slapshot by Tomas Vincour.
11:56 of 3rd period - Stopped by Joe Cannata with a rebound.
12:12 of 3rd period - Snap shot by Tomas Vincour.
12:12 of 3rd period - Shot Misses the Net.
12:24 of 3rd period - Rob Bordson is hit by Michael Bournival and loses puck.
12:37 of 3rd period - Slapshot by Michael Bournival.
12:37 of 3rd period - Shot Misses the Net.
12:43 of 3rd period - Slapshot by Tyler Graovac.
12:43 of 3rd period - Shot Blocked by Blake Parlett.
12:45 of 3rd period - Slapshot by Michael Chaput.
12:45 of 3rd period - Deflect By Ken Agostino.
12:45 of 3rd period - Stopped by Drew MacIntyre with a rebound.
12:47 of 3rd period - Slapshot by Michael Chaput.
12:47 of 3rd period - Deflect By Jason Chimera.
12:47 of 3rd period - Shot Misses the Net.
12:47 of 3rd period - Puck is out of play.
12:48 of 3rd period - Tyler Graovac wins face-off versus Michael Latta in Checkers zone.
12:57 of 3rd period - Wrist shot by Michael Chaput.
12:57 of 3rd period - Stopped by Drew MacIntyre with a rebound.
13:09 of 3rd period - Snap shot by Tyler Graovac.
13:09 of 3rd period - Stopped by Drew MacIntyre with a rebound.
14:06 of 3rd period - Snap shot by Willie Coetzee.
14:06 of 3rd period - Shot Misses the Net.
14:41 of 3rd period - Andrew Gordon is hit by Tommy Cross and loses puck.
14:49 of 3rd period - Tommy Cross is hit by Michael Sdao and loses puck.
15:02 of 3rd period - Wrist shot by Michael Bournival.
15:02 of 3rd period - Stopped by Joe Cannata with a rebound.
15:16 of 3rd period - Slapshot by Tomas Vincour.
15:16 of 3rd period - Shot Hit the Post.
15:18 of 3rd period - Snap shot by Brandon Mashinter.
15:18 of 3rd period - Shot Blocked by Kris Newbury.
15:20 of 3rd period - Backhand shot by Julien Brouillette.
15:20 of 3rd period - Shot Blocked by Anthony Bitetto.
15:22 of 3rd period - Slapshot by Brandon Mashinter.
15:22 of 3rd period - Shot Misses the Net.
15:40 of 3rd period - Snap shot by Jim O'Brien.
15:40 of 3rd period - Shot Blocked by Steven Kampfer.
15:42 of 3rd period - Slapshot by Petteri Lindbohm.
15:42 of 3rd period - Shot Misses the Net.
15:44 of 3rd period - Slapshot by Peter Harrold.
15:44 of 3rd period - Shot Blocked by Steven Kampfer.
15:46 of 3rd period - Slapshot by Peter Harrold.
15:46 of 3rd period - Deflect By Teemu Pulkkinen.
15:46 of 3rd period - Stopped by Joe Cannata without a rebound.
15:47 of 3rd period - Bill Arnold wins face-off versus Michael Latta in Condors zone.
16:18 of 3rd period - Minor Penalty to Michael Latta for Tripping.
16:19 of 3rd period - Wacey Hamilton wins face-off versus Tyler Graovac in Checkers zone.
16:27 of 3rd period - Off-side.
16:28 of 3rd period - Wacey Hamilton wins face-off versus Tyler Graovac in neutral zone.
16:31 of 3rd period - John Negrin is hit by Benjamin Dieude-Fauvel and loses puck.
16:58 of 3rd period - Snap shot by Kris Newbury.
16:58 of 3rd period - Stopped by Drew MacIntyre with a rebound.
17:12 of 3rd period - Wrist shot by Jim O'Brien.
17:12 of 3rd period - Stopped by Joe Cannata without a rebound.
17:13 of 3rd period - Wacey Hamilton wins face-off versus Teemu Pulkkinen in Condors zone.
17:16 of 3rd period - Slapshot by Peter Harrold.
17:16 of 3rd period - Shot Hit the Post.
17:18 of 3rd period - Slapshot by Peter Harrold.
17:18 of 3rd period - Stopped by Joe Cannata without a rebound.
17:19 of 3rd period - Wacey Hamilton wins face-off versus Tyler Graovac in Condors zone.
17:20 of 3rd period - Snap shot by Peter Harrold.
17:20 of 3rd period - Shot Blocked by Anthony Bitetto.
17:24 of 3rd period - Wrist shot by Willie Coetzee.
17:24 of 3rd period - Shot Misses the Net.
17:52 of 3rd period - Snap shot by Jim O'Brien.
17:52 of 3rd period - Stopped by Joe Cannata without a rebound.
17:53 of 3rd period - Wacey Hamilton wins face-off versus Kris Newbury in Condors zone.
17:54 of 3rd period - Snap shot by Willie Coetzee.
17:54 of 3rd period - Shot Misses the Net.
18:18 of 3rd period - Penalty to Michael Latta is over, Michael Latta is back on ice.
18:39 of 3rd period - Snap shot by Michael Bournival.
18:39 of 3rd period - Shot Blocked by Michael Chaput.
18:41 of 3rd period - Snap shot by Michael Bournival.
18:41 of 3rd period - Stopped by Joe Cannata without a rebound.
18:42 of 3rd period - Tomas Vincour wins face-off versus Tyler Graovac in Condors zone.
19:01 of 3rd period - Checkers, Drew MacIntyre is pulled from the net.
19:08 of 3rd period - Minor Penalty to John Negrin for Hooking.
19:09 of 3rd period - Pat Cannone wins face-off versus Michael Latta in Condors zone.
19:29 of 3rd period - Adam Cracknell is hit by Anthony Bitetto and loses puck.
Goals for this period are 1 for Checkers vs 2 for Condors.
Shots for this period are 16 for Checkers vs 14 for Condors.